 Dungeon Crawl Stone Soup version 0.29.0-13-gc9e81de378 (webtiles) character file.

Game seed: 714088484965633379

179 Artool the Cudgeller (level 5, 0/42 HPs)
             Began as a Demonspawn Gladiator on Sept 8, 2022.
             Slain by a ball python (1 damage)
             ... in a sewer.
             The game lasted 00:08:04 (2186 turns).

Artool the Cudgeller (Demonspawn Gladiator)         Turns: 2186, Time: 00:08:05

Health: 0/42       AC:  6    Str: 16    XL:     5   Next: 32%
Magic:  5/5        EV:  9    Int:  9    God:
Gold:   114        SH:  0    Dex: 15    Spells: 4/4 levels left

rFire   . . .      SeeInvis .   a - +0 flail (elec)
rCold   + . .      Faith    .   (no shield)
rNeg    . . .      Spirit   .   g - +0 ring mail
rPois   .          Reflect  .   c - +0 helmet
rElec   .          Harm     .   (no cloak)
rCorr   .          Rampage  .   (no gloves)
Will    .....                   (no boots)
Stlth   +.........              l - amulet of regeneration
HPRegen 0.94/turn               p - ring of protection from cold
MPRegen 0.18/turn               (no ring)

@: lethally poisoned (0 -> -11), constricted, studying Fighting
A: claws 1, foul stench 1, magic regeneration
a: no special abilities


You were in a sewer.
You visited 1 branch of the dungeon, and saw 3 of its levels.
You also visited: Sewer.

You collected 114 gold pieces.

Inventory:

Hand Weapons
 a - a +0 flail of electrocution (weapon)
Missiles
 d - 3 throwing nets (quivered)
 e - a javelin
Armour
 b - a +0 leather armour
 c - a +0 helmet (worn)
 g - a +0 ring mail (worn)
Jewellery
 l - an amulet of regeneration (around neck)
 p - a ring of protection from cold (left claw)
Scrolls
 h - 4 scrolls of identify
 n - a scroll of teleportation
 o - a scroll of vulnerability
Potions
 f - 2 potions of mutation {unknown}
 i - a potion of haste {unknown}
 j - 2 potions of lignification {unknown}
 k - 2 potions of brilliance {unknown}
 m - a potion of cancellation {unknown}
 r - a potion of heal wounds {unknown}
 s - a potion of degeneration {unknown}
 t - 3 potions of curing


   Skills:
 + Level 3.6 Fighting
 + Level 3.6 Maces & Flails
 - Level 1.7 Throwing
 + Level 2.0 Armour
 + Level 3.5 Dodging


You had 4 spell levels left.
You didn't know any spells.
Your spell library contained the following spells:

 Spells                   Type           Power      Damage    Failure   Level
 Ensorcelled Hibernation  Hex/Ice        0%         N/A       75%         2
 Passwall                 Tmut/Erth      0%         N/A       75%         2
 Swiftness                Air            0%         N/A       92%         3


Dungeon Overview and Level Annotations

Branches:
Dungeon (3/15)              Sewer (1/1)

Altars:

Shops:
D:3 :


Innate Abilities, Weirdness & Mutations

You have sharp fingernails.
You may rarely emit foul miasma when damaged in melee.
You regenerate magic rapidly.


Message History

The ball python bites you but does no damage.
The ball python closely misses you. The adder bites you.
The ball python bites you but does no damage.
The ball python constricts you. The ball python closely misses you.
You are too injured to fight recklessly!
You are too injured to fight recklessly!
You miss the adder.
The adder is severely wounded.
You feel sick. The bullfrog hits you. The adder bites you but does no damage.
The ball python misses you. The adder bites you but does no damage.
The bullfrog hits you but does no damage.
The ball python bites you. The ball python constricts you.
The ball python bites you but does no damage. x2
The adder bites you.
* * * LOW HITPOINT WARNING * * *
You are more poisoned.
The adder poisons you!
Unknown command.
Unknown command.
You closely miss the adder.
The adder is heavily wounded.
You feel very sick. The bullfrog hits you.
* * * LOW HITPOINT WARNING * * *
The adder bites you.
* * * LOW HITPOINT WARNING * * *
You are lethally poisoned!
The adder poisons you! The ball python bites you.
* * * LOW HITPOINT WARNING * * *
The ball python closely misses you. The ball python constricts you.
The ball python closely misses you.
The ball python bites you but does no damage.
The adder bites you.
* * * LOW HITPOINT WARNING * * *
You are more poisoned.
The adder poisons you! The bullfrog hits you.
* * * LOW HITPOINT WARNING * * *
The adder barely misses you. The ball python misses you.
The ball python closely misses you. The ball python bites you.
You die...

#..'.††.# #..#....#
####...##
###################....#
..≈≈≈≈≈≈≈≈≈≈≈≈≈≈~#.....#
.~≈~≈~≈≈≈≈≈≈~~~~≈.....##
.~≈~~~~~≈≈~~~~~~~~....#
..~≈≈~~SSS≈~~~≈≈≈.....#
≈≈≈#S@S~≈~≈~≈~....##
#~~≈≈FFS≈~≈≈≈≈≈~#.###
###################


You could see 2 bullfrogs, 2 adders and 4 ball pythons.

Vanquished Creatures
  Robin (D:2)
  5 adders
  5 river rats
  10 ball pythons
  3 endoplasms
  2 giant cockroaches (D:2)
  4 hobgoblins
  9 jackals (D:1)
  4 kobolds
  3 quokkas (D:2)
  A bat (D:2)
  7 frilled lizards
  7 goblins (D:2)
  24 rats
85 creatures vanquished.

Vanquished Creatures (others)
  A goblin (D:2)
1 creature vanquished.

Grand Total: 86 creatures vanquished

Notes
Turn   | Place    | Note
-------+----------+-------------------------------------------
     0 | D:1      | Artool the Demonspawn Gladiator began the quest for the
                  | Orb.
     0 | D:1      | Reached XP level 1. HP: 16/16 MP: 1/1
   353 | D:1      | Gained mutation: You regenerate magic rapidly. [demonic
                  | ancestry]
   353 | D:1      | Reached XP level 2. HP: 18/22 MP: 2/2
  1038 | D:2      | Reached skill level 1 in Armour
  1159 | D:2      | Noticed Robin
  1167 | D:2      | Gained mutation: You may rarely emit foul miasma when
                  | damaged in melee. [demonic ancestry]
  1167 | D:2      | Reached XP level 3. HP: 9/28 MP: 3/3
  1169 | D:2      | Killed Robin
  1461 | D:2      | Reached XP level 4. HP: 34/34 MP: 4/4
  1687 | D:3      | Identified a scroll of acquirement
  1687 | D:3      | Acquired a manual of Fighting
  1792 | D:3      | Found Deastren's Vocational Training.
  1807 | D:3      | Found a glowing drain.
  1828 | Sewer    | Entered a sewer
  2000 | Sewer    | Gained mutation: You have sharp fingernails. [demonic
                  | ancestry]
  2000 | Sewer    | Reached XP level 5. HP: 41/41 MP: 5/5
  2186 | Sewer    | HP: 1/42 [bullfrog (3)]
  2186 | Sewer    | Slain by a ball python

Illustrated notes

Levels and vault maps discovered:
D:1:      dpeg_arrival_erosion, layout_basic
D:2:      layout_loops_ring, uniq_robin
D:3:      layout_loops_corners, portal_sewer_entry_a,
          ebering_ecumenical_altar_sacrificial, grunt_decor_fettered,
          minmay_misc_feat_x, corner_web_ring, nicolae_shop_vocational
Sewer:    sewer_minmay_w

Skill      XL: |  1  2  3  4  5 |
---------------+----------------+-----
Maces & Flails | 3 |  3.6
Dodging        | 3 |  3.5
Armour         | 1 2 |  2.0
Fighting       | 3 |  3.6
Throwing       | |  1.7

Action                   |  1- 3 |  4- 6 || total
-------------------------+-------+-------++-------
Melee: Flail             |   129 |   120 ||   249
       Punch             |     1 |     1 ||     2
  Use: Scroll            |       |     8 ||     8
Armor: Ring mail         |    67 |    98 ||   165
Dodge: Dodged            |   104 |   139 ||   243
